 Dungeon Crawl Stone Soup version 0.25.1-2-g60ff931df9 (webtiles) character file.

Game seed: 1270460256180007280

25 gruber the Grave Robber (level 2, -3/19 HPs)
             Began as a Vampire Necromancer on Sept 14, 2020.
             Slain by a worker ant (4 damage)
             ... on level 1 of the Dungeon.
             The game lasted 00:02:15 (930 turns).

gruber the Grave Robber (Vampire Necromancer)        Turns: 930, Time: 00:02:15

Health: -3/19      AC:  2    Str:  7    XL:     2   Next: 86%
Magic:  1/5        EV: 12    Int: 17    God:
Gold:   77         SH:  0    Dex: 14    Spells: 3/5 levels left

rFire    . . .     SeeInvis +   c - +0 short sword
rCold    . . .     Gourm    .   (no shield)
rNeg     . . .     Faith    .   a - +0 robe
rPois    .         Spirit   .   (no helmet)
rElec    .         Reflect  .   (no cloak)
rCorr    .         Harm     .   (no gloves)
MR       .....                  (no boots)
Stlth    ++........             (no amulet)
HPRegen  0.26/turn              (no ring)
MPRegen  0.09/turn              (no ring)

@: lethally poisoned (-3 -> -8), regenerating quickly
A: no food, fangs 3, see invisible, unbreathing
a: Exsanguinate


You were on level 1 of the Dungeon.
You were alive.

You visited 1 branch of the dungeon, and saw 2 of its levels.

You collected 77 gold pieces.

Inventory:

Hand Weapons
 c - a +0 short sword (weapon)
Armour
 a - a +0 robe (worn)
Jewellery
 e - a cursed ring of teleportation {unknown}
Scrolls
 b - a scroll of teleportation {unknown}
 d - a scroll of immolation {unknown}
Potions
 g - a potion of berserk rage {unknown}
 h - a potion of ambrosia {unknown}
 i - a potion of curing {unknown}
 j - a potion of magic {unknown}


   Skills:
 - Level 2.1 Dodging
 - Level 3.0 Stealth
 + Level 2.3 Spellcasting
 + Level 5.2 Necromancy


You had 3 spell levels left.
You knew the following spells:

 Your Spells              Type           Power        Failure   Level  Hunger
a - Pain                  Necr           ###.         2%          1    N/A
b - Animate Skeleton      Necr           N/A          2%          1    N/A

Your spell library contained the following spells:

 Spells                   Type           Power        Failure   Level  Hunger
 Vampiric Draining        Necr           ###.......   7%          3    N/A
 Animate Dead             Necr           N/A          22%         4    N/A
 Agony                    Necr           ###.....     52%         5    N/A

Dungeon Overview and Level Annotations

Branches:
Dungeon (2/15)

Altars:


Innate Abilities, Weirdness & Mutations

You do not eat.
Your natural rate of healing is unusually fast.
You have razor-sharp teeth.
You have supernaturally acute eyesight. (SInv)
You can survive without breathing.


Message History

The worker ant poisons you!
You feel sick.
You feel sick.
You feel sick.
You feel sick.
There is an open door here.
You feel sick. The worker ant bites you.
* * * LOW HITPOINT WARNING * * *
You feel sick.
You feel sick.
Casting: Pain (safe; 2% risk of failure)
Confirm with . or Enter, or press ? or * to list all spells.
Aiming: Pain (safe; 2% risk of failure)
Press: ? - help, Shift-Dir - straight line, f/p - worker ant
Aim: a worker ant (heavily wounded, chance to defeat MR: 84%)
The worker ant writhes in agony.
You feel sick. The worker ant bites you.
* * * LOW HITPOINT WARNING * * *
You are more poisoned.
The worker ant poisons you! The worker ant bites you.
You die...

..#####..............♣ ♣.##
..#>.................♣ ♣♣.#
..#..................♣♣♣♣..#
###............#'#.........#
# #.......#..###.#.......###
# #########...##.#.####### #
#...##.#.# # #...##a#.# #
#....#@#.# ### #.)..#.#.#
..# #......#.# ..#
######..#.# ..# #....#..#.#
#.########....#..#.#
#........#....#..#.#
##.................#
##.......#....##..##


You could see a worker ant.

Vanquished Creatures
  An adder (D:2)
  A giant cockroach (D:1)
  4 goblins (D:1)
  3 hobgoblins
  2 frilled lizards (D:1)
  3 kobolds (D:1)
  2 rats (D:1)
16 creatures vanquished.

Notes
Turn   | Place    | Note
-------+----------+-------------------------------------------
     0 | D:1      | gruber the Vampire Necromancer began the quest for the Orb.
     0 | D:1      | Reached XP level 1. HP: 13/13 MP: 3/3
   520 | D:1      | Reached XP level 2. HP: 16/19 MP: 0/5
   655 | D:1      | Reached skill level 5 in Necromancy
   881 | D:2      | Learned a level 1 spell: Animate Skeleton
   930 | D:1      | Slain by a worker ant

Illustrated notes

Levels and vault maps discovered:
D:1:      psy_arrival_radial01, layout_basic, nrook_campfire
D:2:      layout_basic, cheibriados_altar_1, minivault_4

Skill      XL: |  1  2 |
---------------+-------+-----
Necromancy     | 5 |  5.2
Dodging        | |  2.1
Stealth        | |  3.0
Spellcasting   | |  2.3

Action                   || total
-------------------------++-------
Melee: Short sword       ||    37
       Bite              ||     3
 Cast: Pain              ||    25
  Use: Potion            ||     1
Armor: Robe              ||     7
Dodge: Dodged            ||    27
